 Dungeon Crawl Stone Soup version 0.28.0-53-g5a82cb258f (webtiles) character file.

Game seed: 15720677422447323385

30879 Zeld the Warrior (level 13, -4/192 HPs)
             Began as a Minotaur Berserker on May 29, 2022.
             Was a High Priest of Trog.
             Slain by a komodo dragon (10 damage)
             ... on level 2 of the Lair of Beasts.
             The game lasted 00:18:18 (14516 turns).

Zeld the Warrior (Minotaur Berserker)              Turns: 14516, Time: 00:18:19

Health: -4/192     AC: 18    Str: 27    XL:     13   Next: 23%
Magic:  12/12      EV:  6    Int:  4    God:    Trog [*****.]
Gold:   379        SH:  9    Dex: 10    Spells: 12/12 levels left

rFire   + . .      SeeInvis .   e - +1 war axe (flame)
rCold   + . .      Faith    .   S - +0 tower shield
rNeg    . . .      Spirit   .   b - +0 plate armour
rPois   .          Reflect  .   (helmet restricted)
rElec   .          Harm     .   D - +0 cloak
rCorr   .          Rampage  .   (no gloves)
Will    ++...                   d - +0 pair of boots
Stlth   ..........              k - amulet of regeneration
HPRegen 2.22/turn               o - ring of protection from cold
MPRegen 0.13/turn               x - ring of protection from fire

@: berserking, lethally poisoned (-4 -> -4), strong-willed, regenerating, very
quick
A: horns 2, retaliatory headbutt
a: Renounce Religion, Berserk, Trog's Hand, Brothers in Arms


You were on level 2 of the Lair of Beasts.
You worshipped Trog.
Trog was extremely pleased with you.
You visited 4 branches of the dungeon, and saw 16 of its levels.
You also visited: Ossuary and Bailey.

You collected 928 gold pieces.
You spent 549 gold pieces at shops.

Inventory:

Hand Weapons
 a - a +4 vampiric broad axe
 e - a +1 war axe of flaming (weapon)
Armour
 b - a +0 plate armour (worn)
 d - a +0 pair of boots (worn)
 D - a +0 cloak (worn)
 S - a +0 tower shield (worn)
Jewellery
 k - an amulet of regeneration (around neck)
 o - a ring of protection from cold (left hand)
 x - a ring of protection from fire (right hand)
Wands
 t - a wand of flame (48)
 u - a wand of polymorph (11)
 A - a wand of paralysis (9)
 C - a wand of mindburst (23)
 E - a wand of charming (8)
 O - a wand of digging (7)
 P - a wand of iceblast (16)
Scrolls
 l - 2 scrolls of identify
 m - 6 scrolls of teleportation
 n - 6 scrolls of magic mapping
 r - a scroll of summoning
 s - 4 scrolls of fog
 v - 5 scrolls of blinking
 y - a scroll of holy word
 G - a scroll of silence
 R - 2 scrolls of fear
Potions
 c - 6 potions of ambrosia
 f - 8 potions of curing {unknown}
 g - 4 potions of lignification {unknown}
 h - 3 potions of brilliance {unknown}
 i - a potion of resistance {unknown}
 j - 4 potions of might {unknown}
 p - 6 potions of attraction {unknown}
 q - 3 potions of invisibility
 w - 3 potions of flight {unknown}
 F - a potion of mutation {unknown}
 H - a potion of berserk rage {unknown}
 I - a potion of magic {unknown}
 J - a potion of cancellation {unknown}
 K - 4 potions of heal wounds
 L - a potion of haste {unknown}


   Skills:
 * Level 16.0 Fighting
 * Level 15.9 Axes
 + Level 11.4 Armour
 + Level 10.5 Dodging


You had 12 spell levels left.
You didn't know any spells.
Your spell library was empty.

Dungeon Overview and Level Annotations

Branches:
Dungeon (12/15)            Temple (1/1) D:7            Lair (2/6) D:9
    Orc (1/2) D:11        Ossuary (visited)          Bailey (visited)
  Swamp: Lair:2-4    Shoals: Lair:2-4     Snake: Lair:2-4    Spider: Lair:2-4

Altars:
Ashenzari
Cheibriados
Dithmenos
Elyvilon
Fedhas
Gozag
Hepliaklqana
Kikubaaqudgha
Makhleb
Nemelex Xobeh
Okawaru
Qazlal
Ru
Sif Muna
Trog
Uskayaw
Vehumet
Wu Jian
Xom
Yredelemnul
Zin
The Shining One

Shops:
D:3 (   D:5 *   D:6 *

Annotations:
D:12 Fannar


Innate Abilities, Weirdness & Mutations

You have a pair of horns on your head.
You reflexively headbutt those who attack you in melee.


Message History

The cane toad stings you!
* * * LOW HITPOINT WARNING * * *
A rime drake comes into view.
The cane toad stings you but does no damage.
The rime drake hisses angrily.
You slice the cane toad!! You burn the cane toad!
You kill the cane toad!
Trog accepts your kill.
You slash the cane toad! You burn the cane toad.
You feel sick. The cane toad barely misses you.
You barely miss the cane toad. You slash the cane toad! You burn the cane toad.
You feel sick. The cane toad stings you.
* * * LOW HITPOINT WARNING * * *
Unknown command.
You slash the cane toad! You burn the cane toad.
The cane toad is heavily wounded.
You hit the cane toad. You burn the cane toad.
You feel sick. The cane toad stings you.
* * * LOW HITPOINT WARNING * * *
Unknown command.
You hit the cane toad. You burn the cane toad. You headbutt the cane toad!
The cane toad is almost dead.
You slice the cane toad!! You burn the cane toad.
You kill the cane toad!
Trog accepts your kill.
You slash the cane toad! You burn the cane toad.
You feel sick.
The cane toad stings you but does no damage. x2
Unknown command.
You hit the cane toad but do no damage. You headbutt the cane toad.
You kill the cane toad!
Trog accepts your kill.
You slice the cane toad!! You burn the cane toad!
You kill the cane toad!
Trog accepts your kill.
You feel sick.
Your Fighting skill increases to level 16!
Unknown command.
You closely miss the komodo dragon. Your headbutt misses the komodo dragon.
You feel sick. The komodo dragon bites you!
You die...

..# #.. .....
#.##..###... #..#..#...
##......# ....
##...†...# ...
...#........# .. . ..
#..#####..### ... .#.
#.###.##lk##.... ##
..###..#..##@....#..
..###+..................
........................
........................
.....†..................
....†††.................
....†).......##.#P)##...
#..##+.#............#...
P...........#...........


You could see a komodo dragon and a rime drake.

Vanquished Creatures
  Harold (D:7)
  A boulder beetle (D:11)
  2 vault guards (Bailey)
  A death knight (D:11)
  2 two-headed ogres
  Nergalle (D:12)
  An ugly thing (D:10)
  A cyclops (D:12)
  8 cane toads
  7 komodo dragons
  A rime drake (Lair:2)
  3 kobold demonologists (D:9)
  A queen bee (D:12)
  3 meliai (D:12)
  A troll (D:10)
  Prince Ribbit (Bailey)
  Grinder (D:3)
  3 hornets
  5 blink frogs (Lair:2)
  Sigmund (D:3)
  A vampire (D:12)
  39 yaks
  A wraith (D:11)
  A shadow (D:12)
  3 humans (Bailey)
  3 steam dragons
  2 basilisks (Lair:1)
  7 vampire mosquitoes
  2 water moccasins
  2 ice beasts (D:6)
  6 orc warriors
  A black bear (D:9)
  A hornet zombie (D:7)
  5 ogres
  A necrophage (D:6)
  9 centaurs
  4 elf zombies (Ossuary)
  17 bullfrogs
  A gnoll sergeant (D:12)
  5 scorpions
  2 water moccasin skeletons
  26 killer bees
  A jelly (D:3)
  5 wights (D:7)
  2 howler monkeys (D:8)
  A bullfrog zombie (D:6)
  4 centaur zombies
  11 orc priests
  2 human zombies (Ossuary)
  A hound (D:4)
  2 gnoll shamans
  An iguana (D:5)
  An iron imp (D:6)
  Crazy Yiuf (D:7)
  Jessica (D:2)
  A centaur skeleton (D:6)
  Terence (D:3)
  2 orc wizards
  Natasha (thrice) (D:2)
  A killer bee zombie (D:5)
  3 mummies (Ossuary)
  A howler monkey zombie (D:10)
  17 gnolls
  6 adders
  4 river rats (D:6)
  4 shadow imps
  4 adder zombies (Ossuary)
  6 dart slugs
  A worm (D:2)
  33 orcs
  4 ball pythons
  8 bats
  4 endoplasms
  4 giant cockroaches
  3 gnoll zombies (Ossuary)
  6 goblins
  15 hobgoblins
  7 jackals
  7 kobolds
  A quokka (D:1)
  2 frilled lizards
  7 goblin zombies
  4 hobgoblin zombies
  3 jackal zombies (Ossuary)
  3 kobold skeletons (D:6)
  8 kobold zombies
  An orc skeleton (D:6)
  4 orc zombies
  2 quokka zombies (Ossuary)
  4 rats
  2 rat zombies (Ossuary)
403 creatures vanquished.

Vanquished Creatures (collateral kills)
  A hydra (Lair:1)
  Sonja (D:12)
  An unseen horror (D:12)
  A freezing wraith (D:11)
  A wraith (D:11)
  A shadow (D:12)
6 creatures vanquished.

Vanquished Creatures (others)
  An orc wizard (D:9)
  29 fungi
  48 plants
78 creatures vanquished.

Grand Total: 487 creatures vanquished

Notes
Turn   | Place    | Note
-------+----------+-------------------------------------------
     0 | D:1      | Zeld the Minotaur Berserker began the quest for the Orb.
     0 | D:1      | Reached XP level 1. HP: 19/19 MP: 0/0
   193 | D:1      | Reached XP level 2. HP: 7/27 MP: 1/1
   196 | D:1      | Reached skill level 4 in Fighting
   196 | D:1      | HP: 2/40 [constriction (1)]
  1232 | D:2      | Reached XP level 3. HP: 33/33 MP: 2/2
  1319 | D:2      | Reached ** piety under Trog
  1439 | D:2      | Noticed Jessica
  1443 | D:2      | Killed Jessica
  1544 | D:2      | Noticed Natasha
  1549 | D:2      | Killed Natasha
  1550 | D:2      | Reached XP level 4. HP: 38/41 MP: 3/3
  1643 | D:2      | Noticed Natasha
  1647 | D:2      | Killed Natasha
  2003 | D:2      | Noticed Natasha
  2013 | D:2      | Killed Natasha
  2014 | D:2      | Reached skill level 5 in Fighting
  2014 | D:2      | Reached skill level 5 in Axes
  2014 | D:2      | Reached XP level 5. HP: 41/48 MP: 4/4
  2268 | D:3      | Noticed Terence
  2305 | D:3      | Killed Terence
  2346 | D:3      | Noticed Grinder
  2348 | D:3      | Paralysed by Grinder for 7 turns
  2358 | D:3      | Paralysed by Grinder for 3 turns
  2373 | D:3      | Paralysed by Grinder for 2 turns
  2387 | D:3      | Killed Grinder
  2388 | D:3      | Reached XP level 6. HP: 38/57 MP: 5/5
  2514 | D:3      | Noticed Sigmund
  2526 | D:3      | Killed Sigmund
  2527 | D:3      | Reached skill level 6 in Fighting
  2527 | D:3      | Reached XP level 7. HP: 64/64 MP: 6/6
  2614 | D:3      | Found Gughagas's Antique Weapon Emporium.
  2644 | D:4      | HP: 3/64 [hobgoblin (2)]
  3651 | D:3      | Reached *** piety under Trog
  4635 | D:4      | Reached skill level 7 in Fighting
  4734 | D:4      | Reached skill level 5 in Armour
  4795 | D:4      | Reached XP level 8. HP: 67/73 MP: 7/7
  4868 | D:5      | Entered Level 5 of the Dungeon
  4968 | D:5      | Found Putaosm's Gadget Gallery.
  4976 | D:5      | Bought a wand of polymorph (11) for 195 gold pieces
  4976 | D:5      | Bought a wand of flame (7) for 67 gold pieces
  5543 | D:5      | Reached skill level 8 in Fighting
  5570 | D:5      | Reached skill level 5 in Dodging
  5742 | D:6      | Found a glowing golden altar of the Shining One.
  5776 | D:6      | Reached **** piety under Trog
  5826 | D:6      | Found a burning altar of Makhleb.
  5830 | D:6      | Found a glowing silver altar of Zin.
  5830 | D:6      | Noticed an angel
  5831 | D:6      | Noticed a blizzard demon
  5907 | D:6      | Reached skill level 9 in Fighting
  5907 | D:6      | Reached XP level 9. HP: 48/83 MP: 8/8
  6315 | D:6      | Found Pilunaph's Assorted Antiques.
  6321 | D:6      | Bought a bubbling yellow potion for 23 gold pieces
  6321 | D:6      | Bought a scroll labelled WUOLEP TUETY for 26 gold pieces
  6321 | D:6      | Bought a crooked silver wand for 104 gold pieces
  6894 | D:7      | Reached skill level 10 in Fighting
  6956 | D:7      | Reached skill level 10 in Axes
  6969 | D:7      | Found a staircase to the Ecumenical Temple.
  6978 | Temple   | Entered the Ecumenical Temple
  7233 | D:7      | Noticed Harold
  7242 | D:7      | Killed Harold
  7243 | D:7      | Reached XP level 10. HP: 33/94 MP: 9/9
  7462 | D:7      | Reached ***** piety under Trog
  7744 | D:7      | Found a runed translucent door.
  7745 | D:7      | Noticed Crazy Yiuf
  7750 | D:7      | Killed Crazy Yiuf
  7894 | D:5      | Bought a wand of flame (9) for 82 gold pieces
  8028 | D:8      | Reached skill level 11 in Fighting
  8080 | D:8      | Found a snail-covered altar of Cheibriados.
  8245 | D:8      | Found a sand-covered staircase.
  8257 | Ossuary  | Entered an ossuary
  8613 | D:8      | Found a sacrificial altar of Ru.
  8860 | D:6      | Bought a wand of paralysis (5) for 52 gold pieces
  9121 | D:8      | Found a hide-covered altar of Uskayaw.
  9128 | D:8      | Found a sparkling altar of Nemelex Xobeh.
  9129 | D:8      | Found a bloodstained altar of Trog.
  9133 | D:8      | Found an ancient bone altar of Kikubaaqudgha.
  9229 | D:9      | Received a gift from Trog
  9379 | D:9      | Found a flagged portal.
  9392 | Bailey   | Entered a bailey
  9570 | Bailey   | Noticed Prince Ribbit
  9570 | Bailey   | Noticed a vault guard
  9577 | Bailey   | Killed a vault guard
  9578 | Bailey   | Reached skill level 12 in Fighting
  9582 | Bailey   | Killed Prince Ribbit
  9627 | Bailey   | Noticed a vault guard
  9637 | Bailey   | Killed a vault guard
  9638 | Bailey   | Reached XP level 11. HP: 91/105 MP: 10/10
  9988 | D:9      | Found a staircase to the Lair.
 10061 | D:9      | Noticed a sun demon
 10292 | D:9      | Reached skill level 13 in Fighting
 10374 | Lair:1   | Entered Level 1 of the Lair of Beasts
 10398 | D:10     | Entered Level 10 of the Dungeon
 10468 | D:10     | Noticed a red ugly thing
 10477 | D:10     | Killed a red ugly thing
 10477 | D:10     | Reached ****** piety under Trog
 10615 | D:10     | Noticed a two-headed ogre
 10621 | D:10     | Killed a two-headed ogre
 11138 | D:11     | Noticed a boulder beetle
 11158 | D:11     | Killed a boulder beetle
 11251 | D:11     | Noticed a death knight
 11267 | D:11     | Killed a death knight
 11439 | D:11     | Found a staircase to the Orcish Mines.
 11534 | D:11     | Reached skill level 14 in Fighting
 11534 | D:11     | Reached XP level 12. HP: 117/117 MP: 11/11
 11927 | D:12     | Noticed Nergalle
 11935 | D:12     | Killed Nergalle
 11936 | D:12     | Reached skill level 10 in Armour
 12287 | D:12     | Noticed Fannar
 12361 | Orc:1    | Entered Level 1 of the Orcish Mines
 12456 | D:12     | Received a gift from Trog
 12659 | D:12     | Noticed a two-headed ogre
 12659 | D:12     | Noticed Sonja
 12671 | D:12     | Killed a two-headed ogre
 12680 | D:12     | Killed Sonja
 13141 | Lair:1   | Reached skill level 15 in Fighting
 13434 | Lair:1   | Reached skill level 15 in Axes
 13477 | Lair:1   | Reached skill level 10 in Dodging
 13603 | Lair:1   | Noticed a five-headed hydra
 13608 | Lair:1   | Killed a six-headed hydra
 14337 | Lair:2   | Reached XP level 13. HP: 111/127 MP: 12/12
 14386 | Lair:2   | Received a gift from Trog
 14512 | Lair:2   | HP: 6/192 [cane toad (6)]
 14516 | Lair:2   | Reached skill level 16 in Fighting
 14516 | Lair:2   | Slain by a komodo dragon

Illustrated notes

Levels and vault maps discovered:
D:1:      evilmike_arrival_grusome_pit, layout_basic, serial_corexii_hall,
          chequers_hall_statues_wall_a, chequers_hall_statues_corner_a,
          corexii_hall_statues_deadend, chequers_hall_statues_y
D:2:      layout_loops_cross, uniq_natasha, uniq_jessica
D:3:      layout_basic, serial_shops, nicolae_shop_behind_doors, uniq_grinder,
          uniq_sigmund, uniq_terence
D:4:      layout_basic, kennysheep_small_square
D:5:      layout_gridville, minmay_misc_feat_enclosed, nicolae_shop_gadgets
D:6:      wad_woods_tower, layout_rooms, nicolae_tso_besieged_by_evil,
          grunt_temple_overflow_order_and_chaos_2, serial_shops, shop,
          nicolae_water_bricks, lemuel_flamethrower_1
D:7:      layout_basic, minmay_temple_entry_ruins, nicolae_underground_beach,
          uniq_crazy_yiuf_cottage, uniq_harold
D:8:      layout_loops_ring, kennysheep_slug_shrine,
          mainiacjoe_overflow_tiny_flanked, minitemple,
          lightli_ossuary_entry_decrepit_ruins
D:9:      layout_small_grid, grunt_lair_entry_orc_guard_hut, enter_bailey_2,
          serial_bayou_crossing
D:10:     layout_loops_ring
D:11:     layout_loops_ring, orc_0_dummy
D:12:     layout_roguey, minivault_7, uniq_sonja, uniq_fannar, uniq_nergalle
Temple:   dshaligram_water_room_temple
Lair:1:   layout_long_grid, nicolae_quartered_pool_impasse
Lair:2:   layout_regular_city, elwin_shoals_entry_rooms,
          spider_nest_entry_rubble, beast_lair_carwin_4, grunt_megastairs_4,
          uniq_urug
Orc:1:    layout_diamond_mine, mines4_lemuel

Skill      XL: |  1  2  3  4  5  6  7  8  9 10 11 12 13 |
---------------+----------------------------------------+-----
Fighting       | 4 5 6 7 9 10 12 14 15 16 | 16.0
Axes           | 4 5 6 7 9 10 12 13 15 | 15.9
Armour         | 3 4 5 6 7 8 9 11 | 11.4
Dodging        | 3 4 5 6 7 9 10 | 10.5

Action                   |  1- 3 |  4- 6 |  7- 9 | 10-12 | 13-15 || total
-------------------------+-------+-------+-------+-------+-------++-------
Melee: Hand axe          |    57 |    61 |   177 |       |       ||   295
       Headbutt          |    10 |     9 |    76 |   109 |    11 ||   215
       Punch             |       |     1 |       |       |       ||     1
       War axe           |       |       |   109 |    31 |    46 ||   186
       Dire flail        |       |       |    52 |   490 |       ||   542
       Broad axe         |       |       |       |   102 |       ||   102
Invok: Berserk           |     1 |     2 |     1 |     2 |     2 ||     8
       Trog's Hand       |       |     1 |       |     1 |     1 ||     3
       Brothers in Arms  |       |       |       |     3 |       ||     3
  Use: Scroll            |       |       |       |    18 |       ||    18
       Potion            |       |       |       |       |     1 ||     1
Armor: Animal skin       |    20 |     9 |       |       |       ||    29
       Plate armour      |       |    18 |   218 |   501 |    32 ||   769
Dodge: Dodged            |    47 |    31 |   132 |   334 |    18 ||   562
Block: Tower shield      |       |       |       |   125 |    29 ||   154
